AoeStats
← joia-numerica6

Pilgrims

509420539Analyzed
2v2 RM · 4d ago on Sep 26, 2026· 26m 49s· 4 players
Game mode
Random Map
Map size
Medium (4 player)
Population
200
Speed
Normal
Resources
Standard
Victory
Conquest
Starting age
Dark Age
Ending age
Imperial Age
RankedLock teamsTeams togetherTeam positionsShared explorationLock speedFull tech treeHidden civsTurbo modeCheats
Victory
Defeat
🇺🇸 Danes · United States
979
+17
🇵🇹 Sicilians · Portugal
974
+17
🇫🇷 Britons · France
1005
-17
🇧🇪 Malians · Belgium
999
-17
joia-numerica6
9:33 Loom
11:35 Feudal Age
13:15 Double-Bit Axe
21:18 Castle Age
19:23 Fletching
19:23 Fishing Lines
20:50 Horse Collar
22:24 Bodkin Arrow
25:28 Medium Warships
Dirty F150
3:18 Loom
12:16 Feudal Age
16:55 Castle Age
15:07 Double-Bit Axe
17:00 Forging
18:04 Arson
19:16 Squires
19:41 Scale Mail Armor
El tigre Abelardo
7:55 Loom
12:13 Feudal Age
15:56 Castle Age
15:14 Forging
15:21 Double-Bit Axe
15:46 Fletching
17:29 Bodkin Arrow
VoRia
11:11 Feudal Age
10:38 Loom
11:51 Fishing Lines
14:36 Wheelbarrow
13:55 Double-Bit Axe
19:29 Castle Age
18:00 Padded Archer Armor
19:11 Fletching
20:40 Medium Warships
20:46 Bodkin Arrow
22:10 Gillnets
25:15 Bow Saw
26:52 Leather Archer Armor
Connection lost

Rejoining the realm…

Still unreachable

The connection could not be restored.

Session expired

The server has moved on; the page needs a fresh start.